[Event "Team 45 45 League T29"]
[Site "Internet Chess Club"]
[Date "2006.01.30"]
[Round "6"]
[White "DaveTheRook"]
[Black "jacknor"]
[Result "1-0"]
[WhiteElo "1695"]
[BlackElo "1571"]
[TimeControl "2700+45"]

1. Nf3 d5 2. g3 b6 3. Bg2 Bb7 4. O-O e6 5. c3 Be7 6. d3 Nf6 7. Qc2 O-O 8. Nbd2
c5 9. Ne5 Nbd7 10. Ndf3 Nxe5 11. Nxe5 Bd6 12. Nf3 Rc8 13. c4 d4 14. e4 dxe3 15.
fxe3 Nd7 16. d4 Nf6 17. b3 Be4 18. Qc3 h6 19. Bb2 Qc7 20. Rad1 cxd4 21. exd4
Rfe8 22. Nd2 Bxg2 23. Kxg2 Qc6+ 24. Kg1 Bf8 25. Qf3 Qxf3 26. Nxf3 Be7 27. Ne5
Red8 28. Kg2 Nd7 29. Rxf7 Nxe5 30. Rxe7 Nc6 31. Rxe6 Nb8 32. d5 Rd7 33. Rde1 Kh7
34. h4 Rcc7 35. Ba3 Na6 36. h5 Nc5 37. Bxc5 bxc5 38. Re8 g6 39. hxg6+ Kxg6 40.
R8e6+ Kg7 41. Rh1 Re7 42. Rhxh6 Rf7 43. Reg6+ {Black resigns} 1-0  aics%

[Event "Team 45 45 League T29"]
[Site "Internet Chess Club"]
[Date "2006.01.31"]
[Round "6"]
[White "NotSoGreat"]
[Black "MoneyGame"]
[Result "0-1"]
[WhiteElo "2214"]
[BlackElo "2317"]
[TimeControl "2700+45"]

1. e4 c5 2. Nc3 Nc6 3. f4 g6 4. Nf3 Bg7 5. Bb5 Nd4 6. O-O Nxb5 7. Nxb5 d5 8. e5
a6 9. Nc3 d4 10. Ne4 Qd5 11. d3 Nh6 12. Qe1 O-O 13. Qa5 b5 14. Qc7 Bf5 15. Qxe7
Rfe8 16. Nf6+ Bxf6 17. Qxf6 c4 18. Qg5 Ng4 19. h3 Ne3 20. Bxe3 dxe3 21. Rfe1
cxd3 22. cxd3 Qxd3 23. Qxg6+ hxg6 24. a4 bxa4 25. Rxa4 Red8 26. Kh2 Rab8 27. Kg3
Rxb2 28. Rg1 Qc2 29. Rxa6 Qf2+ 30. Kh2 Qxf3 31. Kh1 Rdd2 32. Ra8+ Qxa8 33. Kh2
Rxg2+ 34. Kh1 Rh2# {White checkmated} 0-1  aics%

[Event "Team 45 45 League T29"]
[Site "Internet Chess Club"]
[Date "2006.01.29"]
[Round "6"]
[White "gracey"]
[Black "billarvola"]
[Result "1-0"]
[WhiteElo "2089"]
[BlackElo "2022"]
[TimeControl "2700+45"]

1. f4 Nf6 2. Nf3 g6 3. e3 Bg7 4. Be2 O-O 5. O-O d6 6. b3 Ne4 7. c3 Nc6 8. Qc2
Nf6 9. d3 e5 10. fxe5 dxe5 11. e4 h6 12. Ba3 Re8 13. b4 a6 14. Bc1 Bg4 15. Nbd2
Nh5 16. Nb3 Qe7 17. Be3 Nf4 18. Bxf4 exf4 19. h3 Bc8 20. Rae1 a5 21. b5 Ne5 22.
d4 Nxf3+ 23. Bxf3 Qg5 24. e5 f6 25. exf6 Rxe1 26. Rxe1 Bxf6 27. Bd1 Bxh3 28. Qe4
Rf8 29. Qxb7 Qh4 30. Rf1 Bf5 31. Nc5 f3 32. Qxf3 Be7 33. Qd5+ Kh7 34. Nd7 Bd6
35. Nxf8+ Kh8 36. Rxf5 Qh2+ 37. Kf1 gxf5 38. Qxf5 Qh1+ 39. Kf2 Bg3+ 40. Kxg3
Qe1+ 41. Qf2 {Black resigns} 1-0  aics%

[Event "Team 45 45 League T29"]
[Site "Internet Chess Club"]
[Date "2006.02.02"]
[Round "6"]
[White "nminwalla"]
[Black "nightly"]
[Result "1-0"]
[WhiteElo "2002"]
[BlackElo "1816"]
[TimeControl "2700+45"]

1. e4 c5 2. Nf3 g6 3. c3 Bg7 4. d4 cxd4 5. cxd4 d5 6. e5 Nc6 7. Nc3 Bg4 8. Be2
Qb6 9. Nxd5 Qd8 10. h3 Bxh3 11. Nf4 Bg4 12. Be3 e6 13. Qb3 Qa5+ 14. Nd2 Qb4 15.
Bxg4 {Black resigns} 1-0  aics%

[Event "Team 45 45 League T29"]
[Site "Internet Chess Club"]
[Date "2006.01.29"]
[Round "6"]
[White "mike0897"]
[Black "kabindra"]
[Result "1-0"]
[WhiteElo "1861"]
[BlackElo "1836"]
[TimeControl "2700+45"]

1. e4 e5 2. Bc4 Nc6 3. d3 Na5 4. Nd2 Nxc4 5. Nxc4 d6 6. f4 exf4 7. Bxf4 Nf6 8.
Nf3 Bg4 9. Ne3 Qd7 10. O-O O-O-O 11. Nxg4 Nxg4 12. Ng5 Nf6 13. Be3 h6 14. Nf3
Be7 15. h3 g5 16. Nd4 g4 17. h4 Rdf8 18. Nf5 Bd8 19. g3 h5 20. Qd2 Qc6 21. Bd4
Rhg8 22. Qc3 Qxc3 23. bxc3 c5 24. Nxd6+ Kd7 25. Bxc5 b6 26. Bb4 a5 27. Ba3 Be7
28. Rab1 Rb8 29. Nb5 Bd8 30. e5 Nd5 31. Rxf7+ Ke6 32. Rbf1 Rc8 33. c4 Ne3 34.
Nd4+ Kxe5 35. R1f4 Rc5 36. Re4+ {Black resigns} 1-0  aics%

[Event "Team 45 45 League T29"]
[Site "Internet Chess Club"]
[Date "2006.01.29"]
[Round "6"]
[White "Burning-Bush"]
[Black "Gandalf"]
[Result "1-0"]
[WhiteElo "2079"]
[BlackElo "1879"]
[TimeControl "2700+45"]

1. d4 d5 2. c4 c6 3. Nf3 Nf6 4. Nc3 dxc4 5. a4 Bf5 6. Ne5 Nbd7 7. Nxc4 Qc7 8. g3
e5 9. dxe5 Nxe5 10. Bf4 Nfd7 11. Bg2 g5 12. Bxe5 Nxe5 13. Qd4 Bg7 14. Nd6+ Kf8
15. Nxf5 Nf3+ 16. Bxf3 Bxd4 17. Nxd4 Qb6 18. Rd1 Qxb2 19. Rd3 Qa1+ 20. Kd2 Qb2+
21. Nc2 Qb6 22. Rb1 Qc7 23. g4 Kg7 24. Nd4 Rhd8 25. Ke1 Kf8 26. Ne4 Qe5 27. Rbd1
Qa5+ 28. Kf1 h6 29. Nc3 Rxd4 30. Rxd4 Qxc3 31. R1d3 Qa5 32. Rd7 Qb6 33. e3 Re8
34. a5 Qb1+ 35. Bd1 Re7 36. Rd8+ Kg7 37. Kg2 Qb4 38. a6 bxa6 39. Rb3 Qe4+ 40.
Bf3 Qc2 41. Rbb8 a5 42. Rg8+ Kf6 43. Rh8 a4 44. Rxh6+ Ke5 45. Rxc6 Qd3 46. Rb4
Rd7 47. Rxa4 Qd2 48. Re4+ {Black resigns} 1-0

[Event "Team 45 45 League T29"]
[Site "Internet Chess Club"]
[Date "2006.01.29"]
[Round "6"]
[White "viking99"]
[Black "SeniorCitizen"]
[Result "1-0"]
[WhiteElo "1810"]
[BlackElo "1342"]
[TimeControl "2700+45"]

1. e4 e6 2. d4 d5 3. Nc3 dxe4 4. Nxe4 Nc6 5. Nf3 Be7 6. Bf4 Nf6 7. Nxf6+ Bxf6 8.
c3 O-O 9. Qc2 Ne7 10. Bd3 g6 11. h4 h5 12. O-O-O c6 13. Rdg1 Kg7 14. g4 hxg4 15.
Ne5 Bxe5 16. dxe5 Ng8 17. Rxg4 Qe8 18. h5 Ne7 19. hxg6 {Black resigns} 1-0 
aics%

[Event "Team 45 45 League T29"]
[Site "Internet Chess Club"]
[Date "2006.01.26"]
[Round "6"]
[White "Nomad"]
[Black "Hesperus"]
[Result "0-1"]
[WhiteElo "1950"]
[BlackElo "1943"]
[TimeControl "2700+45"]

1. e4 c5 2. c3 d5 3. exd5 Qxd5 4. d4 Nf6 5. Nf3 e6 6. c4 Qd8 7. Be2 Nc6 8. Be3
Ng4 9. O-O Nxe3 10. fxe3 cxd4 11. exd4 Nxd4 12. Kh1 Nxe2 13. Qxe2 Be7 14. Nc3
O-O 15. Rad1 Qc7 16. Ne5 a6 17. a3 f6 18. Nf3 Re8 19. b4 Bd7 20. Ne4 Rad8 21.
Rd4 e5 22. Rd5 Be6 23. Rxd8 Rxd8 24. c5 Qc6 25. Nc3 a5 26. Qb5 Qxb5 27. Nxb5 Bc4
{White resigns} 0-1  aics%

[Event "Team 45 45 League T29"]
[Site "Internet Chess Club"]
[Date "2006.01.30"]
[Round "6"]
[White "fileman"]
[Black "Neo-Myshkin"]
[Result "1/2-1/2"]
[WhiteElo "1990"]
[BlackElo "1877"]
[TimeControl "2700+45"]

1. e4 e6 2. e5 d5 3. exd6 cxd6 4. d4 d5 5. Nf3 Bd6 6. Bd3 Nf6 7. O-O Qc7 8. Re1
Nc6 9. c3 Bd7 10. Nbd2 Ng4 11. Nf1 h5 12. Qe2 O-O-O 13. b4 e5 14. Nxe5 Ncxe5 15.
dxe5 Bxe5 16. Bd2 Bxh2+ 17. Kh1 Bc6 18. b5 Rhe8 19. Qf3 Ne5 20. Qh3+ Bd7 21. Bf5
Ng4 22. Bxd7+ Qxd7 23. Qf3 Bc7 24. a4 Ne5 25. Qg3 Qf5 26. Ne3 Qd3 27. Rad1 Ng4
28. Qh3 f5 29. Nxg4 Qxh3+ 30. gxh3 hxg4 31. hxg4 fxg4 32. Kg2 Bb6 33. Bg5 Rxe1
34. Rxe1 Rf8 35. Re2 Rf5 36. Re8+ Kd7 37. Re7+ Kd6 38. Rxg7 Rxf2+ 39. Kg3 Rf3+
40. Kxg4 Rxc3 41. Rxb7 d4 42. a5 Bxa5 43. Rxa7 Bb6 44. Be7+ Ke6 45. Ra6 Kxe7 46.
Rxb6 Rb3 47. Kf4 d3 48. Ke3 Kd7 49. Kd2 Kc7 50. Rc6+ Kd7 51. Rc5 Kd6 52. Rc6+
Kd7 53. Rh6 Rxb5 54. Kxd3 Ra5 55. Kd4 Rb5 56. Kc4 Ra5 57. Kd4 Rb5 58. Kc4 Ra5
59. Kd4 {Game drawn by repetition} 1/2-1/2  aics%

[Event "Team 45 45 League T29"]
[Site "Internet Chess Club"]
[Date "2006.01.27"]
[Round "6"]
[White "Squaredance"]
[Black "LoseOften"]
[Result "1/2-1/2"]
[WhiteElo "1896"]
[BlackElo "1828"]
[TimeControl "2700+45"]

1. e4 c5 2. Nf3 d6 3. g3 Nf6 4. d3 g6 5. Bg2 Bg7 6. O-O Nc6 7. Nbd2 b5 8. c3 b4
9. Re1 Ng4 10. h3 bxc3 11. Nc4 cxb2 12. Bxb2 Bxb2 13. Nxb2 Nge5 14. Nxe5 Nxe5
15. f4 Nc6 16. e5 d5 17. Na4 O-O 18. Nxc5 Qb6 19. d4 e6 20. Qd2 Rb8 21. Re3 Qb2
22. Rd1 Rb4 23. Rd3 Rd8 24. Kf2 Bd7 25. Ke3 Na5 26. Kf3 Bb5 27. Qxb2 Rxb2 28.
R3d2 Rb4 29. Rc1 Nc6 30. Ke3 Rb8 31. Bf3 Bc4 32. Rdc2 Rb2 33. a4 R8b4 34. Rxb2
Rxb2 35. Rxc4 dxc4 36. Bxc6 c3 37. Kd3 Rh2 38. Kxc3 Rxh3 39. Ne4 h5 40. Kb4 h4
41. g4 Rd3 42. Ka5 Rxd4 43. Ka6 h3 44. Kxa7 h2 45. a5 Rc4 46. Bb7 Kf8 47. Ng3
Rxf4 48. a6 Rxg4 49. Nh1 Ke7 50. Kb8 Ra4 51. a7 f6 52. exf6+ Kxf6 53. a8=Q Rxa8+
54. Bxa8 e5 55. Be4 g5 56. Nf2 Ke6 57. Kc7 Kf6 58. Kd6 h1=Q 59. Nxh1 g4 60. Ng3
Kf7 61. Kxe5 Ke7 62. Kf5 Kd6 63. Kxg4 Ke5 64. Kf3 Kd4 65. Ne2+ Ke5 66. Ke3 Ke6
67. Kf4 Kd6 68. Nc3 Kc5 69. Ke3 Kd6 70. Kd4 Ke6 71. Nd5 Kd6 72. Bf5 Kc6 73. Nf6
Kd6 74. Ke4 Kc5 75. Ke5 Kc4 76. Nd5 Kc5 77. Bd3 Kc6 78. Nf6 Kc5 79. Ne4+ Kc6 80.
Ke6 Kb6 81. Kd6 Ka5 82. Kc5 Ka4 83. Kc4 Ka3 84. Kc3 Ka2 85. Nd2 Ka1 86. Nb1 Ka2
87. Kc2 Ka1 88. Na3 Ka2 89. Nb1 Ka1 90. Nd2 Ka2 91. Bc4+ Ka3 92. Kc3 Ka4 93. Kd4
Kb4 94. Nb3 Ka3 95. Kc3 Ka2 96. Bd3 Ka3 97. Nd4 Ka2 98. Nb3 Ka3 99. Nc1 Ka4 100.
Kc4 Ka3 101. Ne2 Kb2 102. Kb4 Ka2 103. Kc3 Ka1 104. Nd4 Ka2 105. Nc2 Kb1 106.
Kb3 Kc1 107. Kc3 Kb1 108. Bc4 Kc1 109. Ba2 Kd1 110. Nd4 Kc1 111. Ne2+ Kd1 112.
Kd3 Ke1 113. Bb3 {Game drawn by the 50 move rule} 1/2-1/2  aics%

[Event "Team 45 45 League T29"]
[Site "Internet Chess Club"]
[Date "2006.01.30"]
[Round "6"]
[White "BillyNoMates"]
[Black "tourettes"]
[Result "1-0"]
[WhiteElo "1871"]
[BlackElo "1794"]
[TimeControl "2700+45"]

1. e4 c5 2. Nf3 d6 3. d4 cxd4 4. Nxd4 Nf6 5. Nc3 a6 6. Be2 e6 7. Be3 Be7 8. g4
Nc6 9. g5 Nd7 10. Rg1 Nde5 11. f4 Ng6 12. Qd2 O-O 13. O-O-O Nxd4 14. Bxd4 Re8
15. h4 e5 16. f5 Nf4 17. Be3 Nxe2+ 18. Qxe2 Qa5 19. Kb1 Bd7 20. f6 Bf8 21. fxg7
Kxg7 22. Nd5 Rac8 23. h5 Bb5 24. Qf2 Bc4 25. b3 Bxd5 26. Qf6+ Kg8 27. g6 fxg6
28. hxg6 h6 29. exd5 Qc7 30. c4 Bg7 31. Qh4 b5 32. Bxh6 bxc4 33. Bxg7 Qxg7 34.
Rdf1 Rc7 35. Rf7 Rxf7 36. gxf7+ Kxf7 37. Rxg7+ Kxg7 38. Qxc4 {Black resigns} 1-0
 aics%